Map: [ESL] Solaris

Players

MaxPax - Winner!

  • Race: Protoss Protoss
  • Spawn Location: 7:00

Nicoract

  • Race: Terran Terran
  • Spawn Location: 1:00

Event: ESL SC2 Masters 2023 Winter (Regional)

VOD

Have the link to the VOD?

Description

Time

  • Played on: Oct. 27, 2023, 11:10 a.m.
  • Length: 6:59

All games in this series

Show
View Real Time Build Order
Export as new Build Order

MaxPax Protoss - Winner!

Build Orders: 1 Gate Expand, Blink Stalkers 

Get SALT Encoding   

  12  0:00  Probe  
  13  0:12  Probe  
  14  0:18  Pylon  
  14  0:24  Probe  
  15  0:37  Gateway  
  15  0:39  Probe (Chrono Boost)  
  16  0:49  Assimilator, Probe (Chrono Boost)  
  17  0:54  Probe (Chrono Boost)  
  18  1:05  Probe  
  19  1:17  Probe  
  20  1:25  Cybernetics Core  
  20  1:36  Nexus  
  20  1:44  Pylon  
  20  1:46  Probe  
  21  1:51  Assimilator  
  21  1:58  Probe  
  21  1:59  Adept (Chrono Boost)  
  22  2:04  Warp Gate  
  24  2:10  Probe  
  25  2:19  Adept (Chrono Boost)  
  25  2:22  Probe  
  28  2:30  Twilight Council  
  28  2:34  Probe  
  29  2:41  Stalker  
  32  2:53  Probe x2 (Chrono Boost)  
  32  2:54  Gateway  
  33  2:59  Probe (Chrono Boost)  
  33  3:02  Probe (Chrono Boost)  
  35  3:07  Probe  
  35  3:08  Blink (Chrono Boost)  
  36  3:13  Probe  
  36  3:19  Probe  
  38  3:25  Probe  
  38  3:26  Robotics Facility  
  39  3:31  Probe  
  40  3:37  Gateway, Probe  
  41  3:44  Pylon  
  42  3:49  Probe  
  42  3:54  Stalker x2  
  46  3:56  Probe  
  46  4:02  Assimilator  
  45  4:10  Warp Prism (Chrono Boost)  
  47  4:18  Stalker x2  
  47  4:20  Probe  
  51  4:27  Pylon  
  51  4:33  Stalker, Probe  
  51  4:38  Probe  
  54  4:39  Pylon  
  54  4:45  Probe  
  54  4:47  Stalker x2  
  54  4:49  Observer  
  54  4:50  Probe  
  61  4:55  Pylon  
  61  5:03  Gateway  
  61  5:06  Stalker  
  61  5:07  Probe  
  61  5:08  Probe  
  61  5:12  Stalker  
  63  5:17  Stalker  
  63  5:19  Probe  
  65  5:28  Probe  
  65  5:32  Probe  
  65  5:33  Observer  
  67  5:39  Stalker x2  
  67  5:42  Probe  
  68  5:46  Stalker  
  68  5:48  Probe  
  67  5:54  Probe  
  67  6:01  Probe  
  67  6:04  Observer (Chrono Boost)  
  69  6:06  Probe  
  69  6:10  Stalker x2  
  68  6:13  Probe  
  68  6:18  Probe  
  66  6:25  Probe  
  67  6:30  Probe  
  66  6:35  Stalker x3  
  66  6:37  Probe  
  73  6:42  Nexus  
  73  6:44  Probe  
Show
View Real Time Build Order
Export as new Build Order

Nicoract Terran 

Build Orders: Gas First Reaper Expand, Banshee Rush 

Get SALT Encoding   

  12  0:00  SCV  
  13  0:12  SCV  
  14  0:16  Supply Depot  
  14  0:24  SCV  
  14  0:27  Refinery  
  15  0:38  SCV  
  16  0:47  Barracks  
  16  0:50  SCV  
  17  1:03  SCV  
  18  1:16  SCV  
  19  1:37  Orbital Command  
  19  1:38  Reaper  
  20  1:46  Command Center  
  20  1:56  Factory  
  20  2:03  SCV  
  20  2:07  Supply Depot  
  21  2:10  Barracks Reactor  
  21  2:15  SCV  
  22  2:21  Refinery  
  22  2:27  SCV  
  23  2:39  SCV  
  24  2:45  Starport  
  24  2:50  Hellion x2  
  28  2:52  SCV  
  29  2:58  Supply Depot  
  29  3:01  Barracks Tech Lab  
  29  3:12  Hellion  
  30  3:13  SCV  
  31  3:20  Hellion  
  33  3:27  SCV  
  33  3:29  Barracks Tech Lab  
  34  3:35  Banshee  
  34  3:36  Cloaking Field  
  34  3:39  SCV  
  38  3:47  Orbital Command  
  38  3:54  SCV  
  39  3:56  Barracks  
  39  4:00  Siege Tank  
  40  4:09  Marine x2  
  40  4:13  SCV  
  40  4:14  SCV  
  42  4:18  Banshee  
  45  4:25  SCV  
  45  4:27  SCV  
  45  4:30  Supply Depot  
  47  4:32  Marine  
  47  4:33  Marine  
  47  4:37  SCV  
  50  4:39  Siege Tank  
  53  4:46  SCV  
  53  4:49  Barracks Reactor  
  53  4:52  Marine x2, SCV  
  57  4:54  Supply Depot  
  57  4:58  SCV  
  57  5:04  SCV  
  58  5:09  Barracks, Engineering Bay  
  58  5:10  SCV  
  59  5:14  Siege Tank  
  59  5:16  SCV  
  63  5:22  SCV, Marine x2  
  63  5:28  SCV  
  63  5:31  Supply Depot  
  63  5:32  Bunker  
  63  5:34  SCV  
  65  5:41  Marauder  
  65  5:42  SCV  
  66  5:46  SCV  
  60  5:51  Marine  
  60  5:54  SCV  
  51  5:58  SCV  
  51  6:03  Marine  
  50  6:06  SCV  
  47  6:11  Marine  
  47  6:15  Siege Tank  
  47  6:16  SCV, Marauder  
  47  6:21  Marine, SCV  
  46  6:29  Marine x2  
  47  6:37  Marauder  
  47  6:39  Marine  
  49  6:43  SCV  
Tags
 
Add a new tag
Caveats
  • Supply blocks, unpowered buildings, or Contaminate may cause inaccurate times.
  • Supply counts are checked every 10 seconds.